 Dungeon Crawl Stone Soup version 0.29-a0-557-g43b9904bd1 (webtiles) character file.

Game seed: 11120355604690966944

36 DocClef the Covert (level 3, -3/35 HPs)
             Began as a Gnoll Delver on June 8, 2022.
             Killed from afar by Natasha (7 damage)
             ... with a magic dart
             ... on level 4 of the Dungeon.
             The game lasted 00:00:28 (239 turns).

DocClef the Covert (Gnoll Delver)                    Turns: 239, Time: 00:00:28

Health: -3/35      AC:  6    Str: 13    XL:     3   Next: 37%
Magic:  4/4        EV: 20    Int:  9    God:
Gold:   18         SH:  0    Dex: 13    Spells: 3/3 levels left

rFire   + + .      SeeInvis .   (weapon currently unavailable)
rCold   + + .      Faith    .   (shield currently unavailable)
rNeg    + + +      Spirit   .   (body armour currently unavailable)
rPois   ∞          Reflect  .   (helmet currently unavailable)
rElec   +          Harm     .   (cloak currently unavailable)
rCorr   +          Rampage  .   (gloves currently unavailable)
Will    .....                   (boots currently unavailable)
Stlth   ++++......              (amulet currently unavailable)
HPRegen 0.11/turn               (ring currently unavailable)
MPRegen 0.09/turn               (ring currently unavailable)

@: wisp-form, flying, slowed, very slow
A: insubstantial, flying, no casting, tiny, (fangs 1), strong nose, distributed
training
a: no special abilities


You were on level 4 of the Dungeon.
You were an insubstantial wisp.
You visited 1 branch of the dungeon, and saw 2 of its levels.

You collected 18 gold pieces.

Inventory:

Hand Weapons
 a - a +0 short sword (melded)
Armour
 b - a +0 leather armour (melded)
Wands
 g - a wand of digging (3)
Scrolls
 c - a scroll of fog
 d - a scroll of magic mapping
 e - a scroll of fear
 h - 7 scrolls of identify {unknown}
 i - a scroll of noise {unknown}
Potions
 f - a potion of haste
 j - 3 potions of curing {unknown}


   Skills:
 + Level 6.5 Fighting
 + Level 4.5 Short Blades
 + Level 0.7 Long Blades
 + Level 0.7 Axes
 + Level 0.7 Maces & Flails
 + Level 0.7 Polearms
 + Level 0.7 Staves
 + Level 0.7 Slings
 + Level 0.7 Bows
 + Level 0.7 Crossbows
 + Level 0.7 Throwing
 + Level 0.7 Armour
 + Level 4.5 Dodging
 + Level 9.5 Stealth
 + Level 0.7 Shields
 + Level 0.7 Unarmed Combat
 + Level 0.7 Spellcasting
 + Level 0.5 Conjurations
 + Level 0.5 Hexes
 + Level 0.5 Summonings
 + Level 0.5 Necromancy
 + Level 0.5 Translocations
 + Level 0.5 Transmutations
 + Level 0.5 Fire Magic
 + Level 0.5 Ice Magic
 + Level 0.5 Air Magic
 + Level 0.5 Earth Magic
 + Level 0.5 Poison Magic
 + Level 0.9 Invocations
 + Level 0.7 Evocations


You had 3 spell levels left.
You didn't know any spells.
Your spell library was empty.

Dungeon Overview and Level Annotations

Branches:
Dungeon (5/15)
 Temple: D:4-7

Altars:

Annotations:
D:4 Natasha


Innate Abilities, Weirdness & Mutations

You are an insubstantial wisp.
Your tiny insubstantial body is highly resistant to most damage types.
You are flying.
Your equipment is entirely melded.
You are incapable of wielding weapons or throwing items.
You cannot cast spells.
((You have very sharp teeth.))
Your uncanny sense of smell can sniff out nearby items.
Your experience applies equally to all skills.


Message History

Natasha stares at you and mumbles some strange words.
The magic dart hits you.
You touch Natasha.
Natasha is heavily wounded.
The orc closely misses you. The hobgoblin closely misses you.
Natasha claws you! The hobgoblin misses you.
The kobold hits you with a +0 short sword.
The orc barely misses you.
You are too injured to fight recklessly!
You are too injured to fight recklessly!
You are too injured to fight recklessly!
You are too injured to fight recklessly!
You are too injured to fight recklessly!
You are too injured to fight recklessly!
You are too injured to fight recklessly!
You are too injured to fight recklessly!
You are too injured to fight recklessly!
You are too injured to fight recklessly!
Unknown command.
You touch Natasha.
Natasha is heavily wounded.
Natasha stares at you and mumbles some strange words.
You feel as though you will be slow longer.
The kobold closely misses you. The orc completely misses you.
The hobgoblin misses you. Natasha casts a spell at you.
The magic dart hits you!
* * * LOW HITPOINT WARNING * * *
Unknown command.
You touch Natasha but do no damage.
Natasha is heavily wounded.
The kobold closely misses you. The orc misses you.
The hobgoblin closely misses you. Natasha claws you.
* * * LOW HITPOINT WARNING * * *
The kobold completely misses you. The hobgoblin barely misses you.
The orc misses you.
Found 5 gold pieces.
Natasha casts a spell at you. The magic dart hits you!
You die...

∆ ...... ..... ∆ #####
.... #... ...
##########.######o. $.
#...............#l# ....
#.######.#.?###.#o#.....
#............).g.h......
#>.............v.K......
######...#..###.#.#.....
#...#..# #[#.# ....
#...#..# #.#.# ...
#(..#..# #.#.# ##
###.#### #.#.. #. #.###
..#


You could see an iguana, Natasha, an orc, a hobgoblin and a kobold.

Vanquished Creatures
  A hound (D:5)
  An ufetubus (D:5)
  A kobold (D:4)
3 creatures vanquished.

Notes
Turn   | Place    | Note
-------+----------+-------------------------------------------
     0 | D:5      | Reached skill level 9 in Stealth
     0 | D:5      | DocClef the Gnoll Delver began the quest for the Orb.
     0 | D:5      | Reached XP level 1. HP: 23/23 MP: 1/1
   116 | D:5      | Noticed a hound
   119 | D:5      | Killed a hound
   120 | D:5      | Reached XP level 2. HP: 29/29 MP: 1/3
   120 | D:5      | Reached XP level 3. HP: 35/35 MP: 1/4
   186 | D:5      | Noticed a necrophage
   223 | D:4      | Noticed Natasha
   239 | D:4      | Killed from afar by Natasha

Illustrated notes

Levels and vault maps discovered:
D:4:      kennysheep_slugbush, layout_basic, uniq_natasha
D:5:      layout_loops_ring, minmay_temple_entry_enclosed_plants,
          gammafunk_ghost_hive, serial_shops, nicolae_shop_stone

Skill      XL: | |
---------------+-+-----
Stealth        | |  9.5
Fighting       | |  6.5
Short Blades   | |  4.5
Long Blades    | |  0.7
Axes           | |  0.7
Maces & Flails | |  0.7
Polearms       | |  0.7
Staves         | |  0.7
Slings         | |  0.7
Bows           | |  0.7
Crossbows      | |  0.7
Throwing       | |  0.7
Armour         | |  0.7
Dodging        | |  4.5
Shields        | |  0.7
Unarmed Combat | |  0.7
Spellcasting   | |  0.7
Conjurations   | |  0.5
Hexes          | |  0.5
Summonings     | |  0.5
Necromancy     | |  0.5
Translocations | |  0.5
Transmutations | |  0.5
Fire Magic     | |  0.5
Ice Magic      | |  0.5
Air Magic      | |  0.5
Earth Magic    | |  0.5
Poison Magic   | |  0.5
Invocations    | |  0.9
Evocations     | |  0.7

Action                   || total
-------------------------++-------
Melee: Short sword       ||     3
       Unarmed           ||    10
 Stab: Sleeping          ||     2
Armor: Skin              ||     1
Dodge: Dodged            ||    22

Table legend: (Time is in decaauts)
 A = Elapsed time spent in this place.
 B = Non-inter-level travel time spent in this place.
 C = Inter-level travel time spent in this place.
 D = Time resting spent in this place.
 E = Time spent auto-exploring this place.
 F = Levels seen in this place.
 G = Mean time per level.
                   A        B        C        D        E       F      G
               +--------+--------+--------+--------+--------+-----+--------+
         Total |    241 |    241 |      0 |      0 |    156 |   2 |  120.5 |
       Dungeon |    241 |    241 |      0 |      0 |    156 |   2 |  120.5 |
               +--------+--------+--------+--------+--------+-----+--------+

Top non-repeatable levels by time:
     D:5: 208 daAuts
     D:4: 32 daAuts
